 Dungeon Crawl Stone Soup version 0.31.0-1-g2c135a008e (webtiles) character file.

Game seed: 16561106645111383015

57 qw the Shooter (level 4, -1/35 HPs)
             Began as a Djinni Hunter on Jan 24, 2024.
             Killed from afar by Robin (3 damage)
             ... with a puff of flame
             ... on level 2 of the Dungeon.
             The game lasted 00:00:06 (1520 turns).

qw the Shooter (Djinni Hunter)                      Turns: 1520, Time: 00:00:06

Health: -1/35      AC:  3    Str: 10    XL:     4   Next: 18%
Gold:   156        EV: 12    Int: 11    God:
                   SH:  0    Dex: 18

rFire   + + .        a - +0 shortbow
rCold   x . .        (shield currently unavailable)
rNeg    . . .        c - +0 leather armour
rPois   inf          (no helmet)
rElec   .            (no cloak)
rCorr   .            (no gloves)
SInv    .            (boots unavailable)
Will    .....        (no amulet)
Stlth   ++           (no ring)
HPRegen 0.25/turn    (no ring)
MPRegen 0.00/turn

%: infuse magic (-2 HP)
@: flying
A: sickness immunity, fire resistance 2, cold vulnerability 1, float, innate
caster, HP casting, extra vitality 1
a: no special abilities


You were on level 2 of the Dungeon.
You visited 1 branch of the dungeon, and saw 2 of its levels.

You collected 156 gold pieces.


Innate Abilities, Weirdness & Mutations

You are immune to sickness and miasma.
You are immune to poison.
Your flesh is very heat resistant. (rF++)
You are vulnerable to cold. (rC-)
You float through the air rather than walking.
You learn spells naturally, not from books.
Your magical power is your life essence.
You have superior vitality. (+4 MHP)


   Skills:
 - Level 3.0 Fighting
 - Level 4.0 Ranged Weapons
 + Level 2.3 Dodging
 - Level 0.7 Stealth


You knew the following spells:

 Your Spells              Type           Power      Damage    Failure   Level
a - Shock                 Conj/Air       0%         1d3       43%         1
Your spell library was empty.

Inventory:

Hand Weapons
 a - a +0 shortbow (weapon)
Armour
 c - a +0 leather armour (worn)
Wands
 b - a wand of polymorph (6)
Potions
 e - a potion of invisibility {unknown}
 g - a potion of heal wounds {unknown}

Dungeon Overview and Level Annotations

Branches:
Dungeon (2/15)

Altars:

Annotations:
D:2 Robin


Message History

The goblin barely misses you. The goblin hits you with a +0 club.
You shoot an arrow. The arrow barely misses the goblin.
The arrow hits the hobgoblin.
The hobgoblin is almost dead.
The goblin no longer looks unusually strong.
The goblin barely misses you.
You shoot an arrow.
The arrow hits the goblin but does no damage.
The goblin is severely wounded.
The goblin hits you with a +0 club.
You shoot an arrow. The arrow hits the goblin!
You kill the goblin!
You shoot an arrow. The arrow misses the goblin.
The goblin closely misses you. The goblin hits you but does no damage.
You shoot an arrow. The arrow hits the goblin!
You kill the goblin!
Robin roars a battlecry!
The goblins go into a battle-frenzy!
The hobgoblin misses you.
You shoot an arrow. The arrow hits the hobgoblin.
You kill the hobgoblin!
Robin throws the goblin at you! The goblin barely misses you.
Your Fighting skill increases to level 3!
You shoot an arrow. The arrow hits the goblin.
You kill the goblin!
Robin zaps a wand.
The puff of flame hits you. You resist. The goblin barely misses you.
You shoot an arrow. The arrow hits the hobgoblin.
You kill the hobgoblin!
The goblin hits you with a +0 club. x2; Robin hits you with a +0 club.
You shoot an arrow.
The arrow hits Robin but does no damage.
Robin is moderately wounded.
Robin flexes a bicep menacingly.
Robin hits you with a +0 club. The goblin misses you.
You shoot an arrow. The arrow hits Robin!
Robin is severely wounded.
Robin zaps a wand.
The puff of flame hits you. You resist.
You die...
Robin says, "And that's why I'm the boss."

..w... # ## ##########......
# ... ................ ...
..........)..
....###.......%..
#...#...#.......#########
#.#..#..}. #..g...#........
#.#..#.}.g###gg...#........
....# ..#@#8#.g..#........
##...# #_#g).#...#........
......###..).#..)#........
#....#8.}..#...'........
####[....#...#....#...)....
.......>#.###.#####........
#######.### ### ###......
########.# #......
#........#############......


You could see Robin and a goblin (strong).

Vanquished Creatures
  An adder (D:2)
  A ribbon worm (D:2)
  4 ball pythons
  4 bats (D:2)
  3 endoplasms
  A giant cockroach (D:2)
  11 goblins
  5 hobgoblins (D:2)
  3 jackals (D:2)
  A quokka (D:2)
  3 kobolds
  3 rats
40 creatures vanquished.

Notes
Turn   | Place    | Note
-------+----------+-------------------------------------------
     0 | D:1      | qw the Djinni Hunter began the quest for the Orb.
     0 | D:1      | Reached XP level 1. HP: 18/18 MP: 0/0
     0 | D:1      | 0 ||| qw: Version: 0.3-a-136-gdd3b4e8
     0 | D:1      | 0 ||| qw: Game counter: 1456
     0 | D:1      | 0 ||| qw: Melee chars always use a shield: true
     0 | D:1      | 0 ||| qw: God list: Okawaru
     0 | D:1      | 0 ||| qw: Allow faded altars: false
     0 | D:1      | 0 ||| qw: Do Orc after clearing Dungeon:15 true
     0 | D:1      | 0 ||| qw: Do second Lair branch before Depths: true
     0 | D:1      | 0 ||| qw: Lair rune preference: random
     0 | D:1      | 0 ||| qw: Goals: Normal
     0 | D:1      | 0 ||| PLANNING D:1-11
   132 | D:1      | Reached XP level 2. HP: 23/23 MP: 0/0
   593 | D:1      | 593 ||| READING scroll labelled YBAX AMISECK.
   593 | D:1      | 593 ||| IDENTIFYING silvery potion
   594 | D:1      | 594 ||| READING scroll labelled DOL LUTIXEIRR.
   594 | D:1      | 594 ||| ENCHANTING +0 shortbow.
   595 | D:1      | 595 ||| READING scroll labelled JEECLODEEW.
   696 | D:1      | 696 ||| DROPPING scroll of butterflies.
   697 | D:1      | 697 ||| DROPPING potion of degeneration.
   884 | D:2      | Reached skill level 4 in Ranged Weapons
   884 | D:2      | Reached XP level 3. HP: 28/28 MP: 0/0
   884 | D:2      | Learned a level 1 spell: Shock
  1134 | D:2      | Found a faded altar of an unknown god.
  1490 | D:2      | Noticed Robin
  1496 | D:2      | 1496 ||| RETREEEEATING.
  1497 | D:2      | 1497 ||| RETREEEEATING.
  1498 | D:2      | 1498 ||| RETREEEEATING.
  1499 | D:2      | 1499 ||| RETREEEEATING.
  1500 | D:2      | 1500 ||| RETREEEEATING.
  1501 | D:2      | 1501 ||| RETREEEEATING.
  1502 | D:2      | 1502 ||| RETREEEEATING.
  1503 | D:2      | 1503 ||| RETREEEEATING.
  1509 | D:2      | Reached XP level 4. HP: 23/34 MP: 0/0
  1517 | D:2      | Reached skill level 3 in Fighting
  1518 | D:2      | HP: 8/35 [goblin/+0 club[Robin] (3)]
  1519 | D:2      | HP: 1/35 [Robin/+0 club (3)]
  1520 | D:2      | Killed from afar by Robin

Levels and vault maps discovered:
D:1:      sevenhm_arrival_forest_fort_large_2, layout_loops_ring,
          kennysheep_boxes
D:2:      layout_basic, shapermc_ecumenical_altar_venn, uniq_robin

Skill      XL: |  1  2  3  4 |
---------------+-------------+-----
Ranged Weapons | 4 |  4.0
Fighting       | 3 |  3.0
Dodging        | |  2.3
Stealth        | |  0.7

Action                     |  1- 3 |  4- 6 || total
---------------------------+-------+-------++-------
   Fire: Shortbow          |   103 |    12 ||   115
    Use: Scroll            |     3 |       ||     3
 Armour: Leather armour    |    53 |    10 ||    63
  Dodge: Dodged            |    59 |     8 ||    67

Table legend:
 A = Non-vault XP
 B = Vault XP
 C = Vault XP percentage of total XP
 D = Non-vault monster count
 E = Vault monster count
 F = Vault count percentage of total count
                 A         B        C        D         E       F
            +---------+---------+-------+---------+---------+-------
      Total |      60 |      22 |  26.8 |      29 |      11 |  27.5
            +---------+---------+-------+---------+---------+-------
        D:1 |      12 |       0 |   0.0 |       7 |       0 |   0.0
        D:2 |      48 |      22 |  31.4 |      22 |      11 |  33.3
            +---------+---------+-------+---------+---------+-------
